 Dungeon Crawl Stone Soup version 0.17-a0-1011-gfa70bdd (webtiles) character file.

31 stringdemon the Grasshopper (level 3, 12/22 HPs)
             Began as a Gargoyle Warper on May 13, 2015.
             Quit the game on level 2 of the Dungeon.
             The game lasted 00:06:19 (1160 turns).

stringdemon the Grasshopper (Gargoyle Warper)       Turns: 1160, Time: 00:06:20

Health: 12/22      AC:  6    Str: 14    XL:     3   Next: 22%
Magic:  6/6        EV: 11    Int: 14    God:
Gold:   39         SH:  0    Dex:  9    Spells: 3 memorised, 1 level left

rFire  . . .     SeeInvis .     a - +0 mace
rCold  . . .     Clarity  .     b - +0 leather armour
rNeg   + . .     SustAb   .     (no shield)
rPois  ∞         Gourm    .     (no helmet)
rElec  +         Spirit   .     (no cloak)
rCorr  .         Warding  .     (no gloves)
rMut   .         Stasis   .     (no boots)
MR     .....                    (no amulet)
Stlth  +.........               (no ring)
                                (no ring)

@: not resistant to hostile enchantments, very unstealthy
A: negative energy resistance 1, electricity resistance, unbreathing,
petrification resistance, rot immunity, AC +3
a: no special abilities


You were on level 2 of the Dungeon.
You were not hungry.

You visited 1 branch of the dungeon, and saw 2 of its levels.

You collected 39 gold pieces.

Inventory:

Hand weapons
 a - a +0 mace (weapon)
Missiles
 e - 5 tomahawks of dispersal (quivered)
 k - 19 poisoned needles
Armour
 b - a +0 leather armour (worn)
 g - a +0 ring mail
Magical devices
 m - a wand of slowing (28)
Scrolls
 d - a scroll of blinking
 l - a scroll of amnesia {unknown}
 n - a scroll of identify {unknown}
Potions
 h - a potion of invisibility {unknown}
 i - a potion of heal wounds {unknown}
Books
 c - a book of Spatial Translocations

   Spells                             Type                      Level
   a - Apportation                    Translocation                1
   b - Blink                          Translocation                2
   c - Shroud of Golubria             Charms/Translocation         2
   d - Portal Projectile              Translocation                3
   e - Teleport Other                 Translocation                3
   f - Passage of Golubria            Translocation                4
Comestibles
 f - 2 bread rations
 j - a beef jerky


   Skills:
 - Level 2.4 Fighting
 + Level 2.3 Maces & Flails
 - Level 1.0 Throwing
 - Level 1.2 Armour
 - Level 1.8 Dodging
 - Level 2.2 Spellcasting
 + Level 3.1 Translocations


You had one spell level left.
You knew the following spells:

 Your Spells              Type           Power        Failure   Level  Hunger
a - Apportation           Tloc           ##........   10%         1    #......
b - Blink                 Tloc           N/A          14%         2    ###....
c - Shroud of Golubria    Chrm/Tloc      #.........   24%         2    ###....


Dungeon Overview and Level Annotations

Branches:
Dungeon (2/15)

Altars:


Innate Abilities, Weirdness & Mutations

You are resistant to torment.
Your stone body is resilient (AC +3).
You are immune to poison.
You resist negative energy.
You are resistant to electric shocks.
You can survive without breathing.
You are immune to petrification.
You are immune to rotting.


Message History

You see here a scroll labeled VOPTAI TUNKIOT.
n - a scroll labeled VOPTAI TUNKIOT
Things that are here:
a whip; a kobold corpse All of the chunks of flesh in your inventory have rotted away.
Found a hand axe.
You see here a hand axe.
The worm is too close now for your liking.
Found a ring mail.
You see here a ring mail.
g - a ring mail Showing terrain only.
Press | to return to normal view.
Unknown command.
Unknown command.
Unknown command.
Unknown command.
Unknown command.
Welcome back, stringdemon the Gargoyle Warper.
Press ? for a list of commands and other information.
Are you sure you want to abandon this character and quit the game? (Confirm with "yes".)

#.####8...8#
#.+
#....###.###.#
+
######8...8#.#
###.###.#
#8...8#.#
###.###.#
#8...8#.#
###.###.#
#.###@#
#.....#
#####.......
########


There were no monsters in sight!

Vanquished Creatures
  An adder (D:2)
  An ooze (D:1)
  A hobgoblin (D:1)
  2 jackals (D:1)
  A bat (D:1)
  A giant gecko (D:1)
  9 goblins
  2 kobolds
  2 rats (D:1)
20 creatures vanquished.

Notes
Turn   | Place    | Note
--------------------------------------------------------------
     0 | D:1      | stringdemon the Gargoyle Warper began the quest for the Orb.
     0 | D:1      | Reached XP level 1. HP: 12/12 MP: 3/3
   444 | D:1      | Reached XP level 2. HP: 18/18 MP: 5/5
   934 | D:1      | Learned a level 2 spell: Blink
   937 | D:1      | Learned a level 2 spell: Shroud of Golubria
   981 | D:2      | Reached skill level 3 in Translocations
   981 | D:2      | Reached XP level 3. HP: 15/22 MP: 6/6
  1160 | D:2      | Quit the game

Vault maps used:
D:1:      saegor_arrival_simple_f
D:2:      overflow_temple_1_default, overflow_temple_1_default,
          kennysheep_vampire_church, first_bread, minmay_misc_feat_hallway,
          kennysheep_potato

Action                   || total
-------------------------++-------
Melee: Mace              ||    93
  Eat: Chunk             ||     1
